 Dungeon Crawl Stone Soup version 0.29.0-4-gdea44cf6ec (webtiles) character file.

Game seed: 8045324937341221591

133 qw the Chopper (level 5, 0/30 HPs)
             Began as a Tengu Warper on Aug 28, 2022.
             Slain by Terence
             ... wielding a +2 mace of holy wrath
              (4 damage)
             ... on level 3 of the Dungeon.
             The game lasted 00:00:19 (3524 turns).

qw the Chopper (Tengu Warper)                       Turns: 3524, Time: 00:00:20

Health: 0/30       AC:  5    Str: 11      XL:     5   Next: 16%
Magic:  9/9        EV: 12    Int: 13 (14) God:
Gold:   89         SH:  0    Dex: 10 (13) Spells: 8/8 levels left

rFire   . . .      SeeInvis .   a - +0 hand axe (vamp)
rCold   . . .      Faith    .   (no shield)
rNeg    . . .      Spirit   .   g - +0 ring mail
rPois   +          Reflect  .   (helmet restricted)
rElec   .          Harm     .   (no cloak)
rCorr   .          Rampage  .   (no gloves)
Will    .....                   (boots unavailable)
Stlth   ..........              (no amulet)
HPRegen 0.10/turn               (no ring)
MPRegen 0.11/turn               (no ring)

@: flying quickly and evasively, quick
A: beak, talons 3, nimble flight, deterioration 1, high MP 1, poison resistance,
weak 1
a: no special abilities


You were on level 3 of the Dungeon.
You visited 1 branch of the dungeon, and saw 3 of its levels.

You collected 89 gold pieces.


Innate Abilities, Weirdness & Mutations

You have a beak for a mouth.
You have claws for feet.
Your magical nature lets you fly swiftly and evasively.
Your body sometimes deteriorates upon taking damage.
You have an increased reservoir of magic. (+10% MP)
Your system is resistant to poisons. (rPois)
You are weak. (Str -2)


   Skills:
 - Level 2.0 Fighting
 + Level 5.7 Axes
 - Level 1.0 Throwing
 - Level 1.1 Armour
 - Level 2.1 Dodging
 - Level 2.0 Spellcasting
 - Level 2.4 Translocations


You had 8 spell levels left.
You didn't know any spells.
Your spell library contained the following spells:

 Spells                   Type           Power      Damage    Failure   Level
 Blink                    Tloc           14%        N/A       34%         2
 Gell's Gravitas          Tloc           7%         N/A       56%         3
 Lesser Beckoning         Tloc           7%         N/A       56%         3
 Teleport Other           Tloc           7%         N/A       56%         3
 Manifold Assault         Tloc           7%         N/A       99%         5

Inventory:

Hand Weapons
 a - a +0 vampiric hand axe (weapon)
 m - a +0 whip
Armour
 g - a +0 ring mail (worn)
Scrolls
 d - a scroll of brand weapon
Potions
 b - a potion of attraction {unknown}
 c - a potion of heal wounds {unknown}
 i - a potion of lignification {unknown}
 j - 2 potions of curing

Dungeon Overview and Level Annotations

Branches:
Dungeon (3/15)

Altars:

Shops:
D:3 :

Annotations:
D:2 1 runed translucent door, Crazy Yiuf
D:3 Terence


Message History

c - a fizzy amethyst potion
Enter note:
Found 5 stones.
An endoplasm comes into view.
You see here 8 gold pieces.
Terence shouts!
You hit the endoplasm. You claw the endoplasm.
You kill the endoplasm!
Terence screams, "I'm going to kill you!"
You hit Terence. Your kick misses Terence.
Terence is heavily wounded.
Terence hits you with a +2 mace of holy wrath!
You closely miss Terence.
Terence is heavily wounded.
Terence misses you.
You completely miss Terence. You peck Terence, but do no damage.
Terence is heavily wounded.
Terence looks scornfully at you. Terence closely misses you.
You hit Terence. You peck Terence.
Terence is severely wounded.
Terence hits you with a +2 mace of holy wrath!
Your body deteriorates!
You feel clumsy.
You barely miss Terence. You peck Terence, but do no damage.
Terence is severely wounded.
Terence hits you with a +2 mace of holy wrath!
You hit Terence but do no damage. Your peck misses Terence.
Terence is severely wounded.
Terence hits you but does no damage.
You hit Terence but do no damage. You claw Terence, but do no damage.
Your peck misses Terence.
Terence is severely wounded.
Terence hits you with a +2 mace of holy wrath.
You hit Terence.
You feel better.
You claw Terence, but do no damage.
Terence is severely wounded.
Terence barely misses you.
You hit Terence but do no damage.
Terence is severely wounded.
Terence hits you with a +2 mace of holy wrath.
You die...

#..#
#.###.........>.
#..
#...#.....##..#.
#.#####....<......
#.......###......
##.....#..........
##.................
#...........>......
..................
}.}......@........
.........@.........
..\................
........?........
.}..............
........#......
.#........#(##.
..##.#......


You could see Terence.

Vanquished Creatures
  An orc wizard (D:3)
  3 adders (D:2)
  2 worms (D:2)
  3 dart slugs
  2 orcs
  7 bats
  10 endoplasms
  A giant cockroach (D:1)
  2 goblins
  5 hobgoblins
  3 jackals (D:1)
  7 kobolds
  5 quokkas
  8 ball pythons
  2 frilled lizards
  3 rats
64 creatures vanquished.

Notes
Turn   | Place    | Note
-------+----------+-------------------------------------------
     0 | D:1      | qw the Tengu Warper began the quest for the Orb.
     0 | D:1      | Reached XP level 1. HP: 12/12 MP: 4/4
     0 | D:1      | 0 ||| qw: Version: 0.1-a-89-g26bdef1
     0 | D:1      | 0 ||| qw: Game counter: 659
     0 | D:1      | 0 ||| qw: Always use a shield: true
     0 | D:1      | 0 ||| qw: God list: Okawaru
     0 | D:1      | 0 ||| qw: Allow faded altars: false
     0 | D:1      | 0 ||| qw: Do Orc after D:15 true
     0 | D:1      | 0 ||| qw: Do second Lair branch before Depths: true
     0 | D:1      | 0 ||| qw: Lair rune preference: random
     0 | D:1      | 0 ||| qw: Plans: Normal
     0 | D:1      | 0 ||| PLANNING D:1-11
   254 | D:1      | Reached XP level 2. HP: 17/17 MP: 6/6
   255 | D:1      | Reached skill level 3 in Axes
   287 | D:1      | 287 ||| Stepping ~*~*~tactically~*~*~ (stealth).
   303 | D:1      | 303 ||| Stepping ~*~*~tactically~*~*~ (stealth).
   383 | D:1      | 383 ||| Stepping ~*~*~tactically~*~*~ (stealth).
   572 | D:1      | 572 ||| Stepping ~*~*~tactically~*~*~ (stealth).
   574 | D:1      | 574 ||| Stepping ~*~*~tactically~*~*~ (stealth).
   577 | D:1      | 577 ||| Stepping ~*~*~tactically~*~*~ (stealth).
   578 | D:1      | 578 ||| Stepping ~*~*~tactically~*~*~ (stealth).
   579 | D:1      | 579 ||| Stepping ~*~*~tactically~*~*~ (stealth).
   585 | D:1      | Reached XP level 3. HP: 10/21 MP: 7/7
   780 | D:1      | 780 ||| Stepping ~*~*~tactically~*~*~ (stealth).
   794 | D:1      | Reached skill level 4 in Axes
   959 | D:1      | Found a faded altar of an unknown god.
  1031 | D:1      | 1031 ||| Stepping ~*~*~tactically~*~*~ (stealth).
  1069 | D:1      | 1069 ||| Stepping ~*~*~tactically~*~*~ (stealth).
  1259 | D:1      | 1259 ||| UPGRADING to +0 ring mail.
  1269 | D:1      | 1269 ||| DROPPING +0 leather armour.
  1270 | D:1      | 1270 ||| READING scroll labelled WOINOT TORCHIRUAPS.
  1271 | D:1      | 1271 ||| READING scroll labelled HULUPIHIUF.
  1397 | D:1      | 1397 ||| READING scroll labelled MELLYL OMYITE.
  1398 | D:1      | 1398 ||| READING scroll labelled FISMIL YGIWK.
  1403 | D:1      | 1403 ||| READING scroll labelled WEEJIQ FUANLA.
  1404 | D:1      | 1404 ||| DRINKING 2 viscous green potions.
  1404 | D:1      | Gained mutation: You have an increased reservoir of magic.
                  | (+10% MP) [potion of mutation]
  1404 | D:1      | Gained mutation: Armour fits poorly on your strangely
                  | shaped body. [potion of mutation]
  1404 | D:1      | Gained mutation: You expend magic power (3 MP) to
                  | strengthen your wands. [potion of mutation]
  1405 | D:1      | 1405 ||| DRINKING potion of mutation.
  1405 | D:1      | Lost mutation: You expend magic power (3 MP) to strengthen
                  | your wands. [potion of mutation]
  1405 | D:1      | Lost mutation: Armour fits poorly on your strangely shaped
                  | body. [potion of mutation]
  1405 | D:1      | Gained mutation: Your body sometimes deteriorates upon
                  | taking damage. [potion of mutation]
  1405 | D:1      | Gained mutation: You are weak. (Str -2) [potion of
                  | mutation]
  1405 | D:1      | Gained mutation: Your system is resistant to poisons.
                  | (rPois) [potion of mutation]
  1406 | D:1      | 1406 ||| DROPPING scroll of blinking.
  1418 | D:2      | 1418 ||| STAIRDANCE
  1547 | D:2      | Reached XP level 4. HP: 19/26 MP: 8/8
  2188 | D:2      | Found a runed translucent door.
  2189 | D:2      | Noticed Crazy Yiuf
  2374 | D:2      | Reached skill level 5 in Axes
  2602 | D:2      | 2602 ||| READING 2 scrolls labelled QUXINT UTOCLI.
  2603 | D:2      | 2603 ||| READING 2 scrolls labelled LOULIBOEMI.
  2604 | D:2      | 2604 ||| READING scroll labelled SAUDOE KUTT.
  2605 | D:2      | 2605 ||| DRINKING 3 blue potions.
  2606 | D:2      | 2606 ||| DROPPING scroll of noise.
  2607 | D:2      | 2607 ||| DROPPING scroll of poison.
  2646 | D:3      | 2646 ||| STAIRDANCE
  2717 | D:3      | 2717 ||| STAIRDANCE
  2887 | D:3      | 2887 ||| FLEEEEING.
  2888 | D:3      | 2888 ||| FLEEEEING.
  2889 | D:3      | 2889 ||| FLEEEEING.
  2890 | D:3      | 2890 ||| STAIRDANCE
  3006 | D:3      | Gained mutation: Your magical nature lets you fly swiftly
                  | and evasively. [Tengu growth]
  3006 | D:3      | Reached XP level 5. HP: 23/30 MP: 9/9
  3034 | D:3      | 3034 ||| FLEEEEING.
  3037 | D:3      | 3037 ||| STAIRDANCE
  3138 | D:3      | 3138 ||| Stepping ~*~*~tactically~*~*~ (hiding).
  3139 | D:3      | 3139 ||| Stepping ~*~*~tactically~*~*~ (hiding).
  3239 | D:3      | Noticed Terence
  3253 | D:3      | HP: 5/30 [Terence/+2 mace of holy wrath (4)]
  3254 | D:3      | 3254 ||| READING scroll of teleportation.
  3496 | D:3      | Found Usynkaro's Vocational Training.
  3522 | D:3      | HP: 3/30 [Terence/+2 mace of holy wrath (5)]
  3524 | D:3      | Slain by Terence

Levels and vault maps discovered:
D:1:      amcnicky_arrival_gap_in_the_tavern_cellar, layout_basic,
          hellmonk_ecumenical_altar_blasted, hangedman_decor_clover_reticule
D:2:      layout_rooms, uniq_crazy_yiuf_cottage
D:3:      layout_rooms, nicolae_shop_vocational, uniq_grinder, uniq_ijyb,
          uniq_terence

Skill      XL: |  1  2  3  4 |
---------------+-------------+-----
Axes           | 3 4 5 |  5.7
Fighting       | |  2.0
Throwing       | |  1.0
Armour         | |  1.1
Dodging        | |  2.1
Spellcasting   | |  2.0
Translocations | |  2.4

Action                   |  1- 3 |  4- 6 || total
-------------------------+-------+-------++-------
Melee: Hand axe          |    84 |    95 ||   179
       Kick              |    21 |    24 ||    45
       Peck              |    17 |    18 ||    35
Throw: Boomerang         |     7 |       ||     7
  Use: Scroll            |     5 |     4 ||     9
       Potion            |     2 |     1 ||     3
Armor: Leather armour    |    22 |       ||    22
       Ring mail         |     6 |    28 ||    34
Dodge: Dodged            |    61 |    31 ||    92

Table legend:
 A = Non-vault XP
 B = Vault XP
 C = Vault XP percentage of total XP
 D = Non-vault monster count
 E = Vault monster count
 F = Vault count percentage of total count
                 A         B        C        D         E       F
            +---------+---------+-------+---------+---------+-------
      Total |     191 |       0 |   0.0 |      64 |       0 |   0.0
            +---------+---------+-------+---------+---------+-------
        D:1 |      61 |       0 |   0.0 |      33 |       0 |   0.0
        D:2 |      79 |       0 |   0.0 |      23 |       0 |   0.0
        D:3 |      51 |       0 |   0.0 |       8 |       0 |   0.0
            +---------+---------+-------+---------+---------+-------
